 Dungeon Crawl Stone Soup version 0.25.0-3-gd7cc5688da (webtiles) character file.

Game seed: 5949315741008898583

246 lepoulpe303 the Shield-Bearer (level 6, -3/48 HPs)
             Began as a Formicid Fighter on June 15, 2020.
             Slain by a gnoll
             ... wielding a +0 halberd
              (9 damage)
             ... on level 3 of the Dungeon.
             The game lasted 00:06:59 (2300 turns).

lepoulpe303 the Shield-Bearer (Formicid Fighter)    Turns: 2300, Time: 00:07:00

Health: -3/48      AC:  8    Str: 22    XL:     6   Next: 33%
Magic:  6/6        EV:  9    Int:  7    God:
Gold:   114        SH: 10    Dex: 11    Spells: 5/5 levels left

rFire    . . .     SeeInvis +   a - +0 quarterstaff
rCold    . . .     Gourm    .   c - +0 kite shield
rNeg     . . .     Faith    .   b - +0 scale mail
rPois    .         Spirit   .   (helmet unavailable)
rElec    .         Reflect  .   (no cloak)
rCorr    .         Harm     .   (no gloves)
MR       .....                  j - +0 pair of boots (curse)
Stlth    ..........             (no amulet)
HPRegen  0.16/turn              (no ring)
MPRegen  0.10/turn              (no ring)

@: no status effects
A: permanent stasis, dig shafts and tunnels, four strong arms, antennae 3
a: Dig, Shaft Self


You were on level 3 of the Dungeon.
You were not hungry.

You visited 1 branch of the dungeon, and saw 3 of its levels.

You collected 114 gold pieces.

Inventory:

Hand Weapons
 a - a +0 quarterstaff (weapon)
Missiles
 g - 11 poisoned darts (quivered)
Armour
 b - a +0 scale mail (worn)
 c - a +0 kite shield (worn)
 j - a cursed +0 pair of boots (worn)
Scrolls
 f - 2 scrolls of teleportation {unknown}
 h - a scroll of random uselessness {unknown}
 l - 2 scrolls of immolation {unknown}
 n - 2 scrolls of identify {unknown}
 q - a scroll of fog {unknown}
Potions
 d - a potion of might
 i - 3 potions of brilliance {unknown}
 k - a potion of heal wounds {unknown}
 o - 2 potions of lignification {unknown}
 p - a potion of stabbing {unknown}
 r - a potion of ambrosia {unknown}
Comestibles
 e - a ration
 m - 2 chunks of flesh


   Skills:
 + Level 4.1 Fighting
 * Level 4.0 Staves
 + Level 4.1 Armour
 + Level 1.8 Dodging
 + Level 4.6 Shields


You had 5 spell levels left.
You didn't know any spells.
Your spell library was empty.

Dungeon Overview and Level Annotations

Branches:
Dungeon (3/15)

Altars:
Gozag
Nemelex Xobeh
Trog


Innate Abilities, Weirdness & Mutations

You cannot be hasted, slowed, berserked, paralysed or teleported.
You can dig through walls and to a lower floor.
Your four strong arms can wield two-handed weapons with a shield.
You have a pair of large antennae on your head. (SInv)


Message History

You take 2 damage, and have 23/48 hp.
You hit the gnoll but do no damage.
The gnoll hits you but does no damage. x2
You block the gnoll's attack. The gnoll completely misses you.
You barely miss the gnoll. The gnoll hits you with a +0 club.
* * * LOW HITPOINT WARNING * * *
The gnoll hits you from afar with a +1 vampiric spear.
* * * LOW HITPOINT WARNING * * *
The gnoll hits you from afar with a +0 halberd!
* * * LOW HITPOINT WARNING * * *
The gnoll hits you with a +0 club.
* * * LOW HITPOINT WARNING * * *
You take 16 damage, and have 7/48 hp.
MASSIVE DAMAGE!!
The gnoll barely misses you. The gnoll hits you with a +0 club.
* * * LOW HITPOINT WARNING * * *
You take 2 damage, and have 6/48 hp.
You hit the gnoll but do no damage.
The gnoll hits you from afar with a +0 halberd!
You die...

.. #.#.######.
#########.#........
#.........#..######
###...#.###(.#
#...#.###..#
#...#......#
#...#####.## #...#
#.# #.g@# #.# #...#
#.# #.gg# #.#
#...#####.#
#..g..gg..###
#...###)....#
##...# #.....#
#...####.....#
#.#.###......#


You could see 4 gnolls.

Levels and vault maps discovered:
D:1:      minmay_arrival_split_and_join, layout_basic,
          nemelex_diamond_rough_becter
D:2:      layout_loops_ring, uniq_sigmund
D:3:      layout_basic, nicolae_overflow_crystal_walls, trog_wizard

Notes
Turn   | Place    | Note
-------+----------+-------------------------------------------
     0 | D:1      | lepoulpe303 the Formicid Fighter began the quest for the
                  | Orb.
     0 | D:1      | Reached XP level 1. HP: 18/18 MP: 1/1
   258 | D:1      | Reached XP level 2. HP: 21/24 MP: 2/2
   300 | D:1      | Found a sparkling altar of Nemelex Xobeh.
   346 | D:1      | Identified a +0 dagger
   405 | D:1      | Identified a +0 short sword
   408 | D:1      | lepoulpe303: !whichgod fofi
   408 | D:1      | lepoulpe303: ping
   566 | D:1      | Identified a +0 dagger
   599 | D:1      | Identified a cursed +0 pair of boots (You found it on level
                  | 1 of the Dungeon)
   632 | D:1      | Identified a cursed -1 club
   654 | D:1      | Reached XP level 3. HP: 29/29 MP: 3/3
   699 | D:1      | Identified a +0 short sword
   861 | D:2      | Identified a +0 scythe
   861 | D:2      | Identified a +0 robe
   861 | D:2      | Noticed Sigmund
  1550 | D:2      | Killed Sigmund
  1550 | D:2      | Reached skill level 4 in Fighting
  1550 | D:2      | Reached skill level 3 in Staves
  1550 | D:2      | Reached skill level 4 in Armour
  1550 | D:2      | Reached skill level 1 in Dodging
  1550 | D:2      | Reached skill level 4 in Shields
  1550 | D:2      | Reached XP level 4. HP: 13/37 MP: 4/4
  1550 | D:2      | Reached XP level 5. HP: 15/42 MP: 5/5
  1768 | D:2      | Reached XP level 6. HP: 40/48 MP: 6/6
  1990 | D:2      | Identified a +0 short sword
  2119 | D:3      | Identified a +0 falchion
  2134 | D:3      | Identified a +0 dagger
  2203 | D:3      | Found a bloodstained altar of Trog.
  2256 | D:3      | Found an opulent altar of Gozag.
  2262 | D:3      | Identified a +0 club
  2262 | D:3      | Identified a +0 whip
  2262 | D:3      | Identified a +0 whip
  2262 | D:3      | Identified a +0 leather armour
  2266 | D:3      | Identified a +0 halberd
  2282 | D:3      | Identified a +1 vampiric spear
  2291 | D:3      | Reached skill level 4 in Staves
  2294 | D:3      | HP: 12/48 [gnoll/+0 halberd (8)]
  2300 | D:3      | Slain by a gnoll

Table legend:
 A = Turns spent in this place as a percentage of turns spent in the entire game.
 B = Non-inter-level travel turns spent in this place as a percentage of non-inter-level travel turns spent in the entire game.
 C = Inter-level travel turns spent in this place as a percentage of turns spent in this place.
 D = Turns resting spent in this place as a percentage of non-inter-level travel turns spent in this place.
 E = Turns spent auto-exploring this place as a percentage of non-inter-level travel turns spent in this place.
 F = Non-inter-level travel turns spent in this place divided by the number of levels of this place that you've seen.
                   A       B       C       D       E      F
               +-------+-------+-------+-------+-------+----------------------
         Total | 100.0 | 100.0 |   8.8 |  18.0 |  58.8 | 699.3
       Dungeon | 100.0 | 100.0 |   8.8 |  18.0 |  58.8 | 699.3
               +-------+-------+-------+-------+-------+----------------------

Table legend:
 A = Kills in this place as a percentage of kills in entire the game.
 B = Kills by you in this place as a percentage of kills by you in the entire game.
 C = Kills by friends in this place as a percentage of kills by friends in the entire game.
 D = Other kills in this place as a percentage of other kills in the entire game.
 E = Experience gained in this place as a percentage of experience gained in the entire game.
 F = Experience gained in this place divided by the number of levels of this place that you have seen.
                   A       B       C       D       E      F
               +-------+-------+-------+-------+-------+----------------------
         Total | 100.0 | 100.0 |   N/A |   N/A | 100.0 | 117.3
       Dungeon | 100.0 | 100.0 |   N/A |   N/A | 100.0 | 117.3
               +-------+-------+-------+-------+-------+----------------------

Skill      XL: |  1  2  3  4  5  6 |
---------------+-------------------+-----
Fighting       | 4 |  4.1
Staves         | 3 4 |  4.0
Armour         | 4 |  4.1
Dodging        | 1 |  1.8
Shields        | 4 |  4.6

Action                   |  1- 3 |  4- 6 || total
-------------------------+-------+-------++-------
Melee: Quarterstaff      |    80 |    36 ||   116
Throw: Dart              |    20 |    22 ||    42
  Eat: Ration            |     1 |       ||     1
       Chunk             |       |     1 ||     1
Armor: Scale mail        |    36 |    12 ||    48
Dodge: Dodged            |    29 |    12 ||    41
Block: Kite shield       |    41 |    27 ||    68

Vanquished Creatures
  Sigmund (D:2)
  A gnoll shaman (D:3)
  A gnoll (D:3)
  2 adders
  An ooze (D:1)
  A worm (D:2)
  2 dart slugs (D:1)
  An orc (D:3)
  A giant cockroach (D:3)
  6 goblins
  A hobgoblin (D:1)
  6 kobolds
  6 bats
  2 frilled lizards
  4 rats
36 creatures vanquished.
